 Dungeon Crawl Stone Soup version 0.32-a0-859-gb0a091d592 (webtiles) character file.

Game seed: 14688929111665835827

15 Newt the Shooter (level 2, -3/18 HPs)
             Began as a Kobold Hunter on Mar 27, 2024.
             Slain by Terence
             ... wielding a +0 morningstar
              (8 damage)
             ... on level 2 of the Dungeon.
             The game lasted 00:00:37 (659 turns).

Newt the Shooter (Kobold Hunter)                     Turns: 659, Time: 00:00:38

Health: -3/18      AC:  3    Str:  8    XL:     2   Next: 65%
Magic:  2/2        EV: 13    Int: 10    God:
Gold:   63         SH:  0    Dex: 18    Spells: 1/1 levels left

rFire   . . .        a - +0 shortbow (flame)
rCold   . . .        (shield currently unavailable)
rNeg    . . .        c - +0 leather armour
rPois   .            (no helmet)
rElec   .            (no cloak)
rCorr   .            (no gloves)
SInv    .            (no boots)
Will    .....        (no amulet)
Stlth   +++          (no ring)
HPRegen 0.23/turn    (no ring)
MPRegen 0.08/turn

%: no passive effects
@: no status effects
A: small, no large weapons, nightstalker 3
a: no special abilities


You were on level 2 of the Dungeon.
You visited 1 branch of the dungeon, and saw 2 of its levels.

You collected 63 gold pieces.

Inventory:

Hand Weapons
 a - a +0 shortbow of flaming (weapon)
Armour
 c - a +0 leather armour (worn)
Jewellery
 h - a ring of wizardry
Scrolls
 b - a scroll of butterflies
 d - a scroll of teleportation
 f - a scroll of poison {unknown}
Potions
 e - a potion of mutation
 g - a potion of curing {unknown}


   Skills:
 + Level 2.6 Fighting
 * Level 5.9 Ranged Weapons
 - Level 2.4 Dodging
 - Level 1.3 Stealth


You had one spell level left.
You didn't know any spells.
Your spell library contained the following spells:

 Spells                   Type           Power      Damage    Failure   Level
 Sublimation of Blood     Necr           0%         N/A       63%         2
 Teleport Other           Tloc           0%         N/A       86%         3
 Petrify                  Alch/Erth      0%         N/A       99%         4
 Irradiate                Conj/Alch      0%         3d11      100%        5
 Dispersal                Tloc           0%         N/A       100%        6
 Gell's Gavotte           Tloc           0%         2d(11-16) 100%        6


Dungeon Overview and Level Annotations

Branches:
Dungeon (2/15)

Altars:

Shops:
D:1 :

Annotations:
D:2 Terence


Innate Abilities, Weirdness & Mutations

You are small and have problems with some larger weapons.
You are completely attuned to the shadows.


Message History

a - a +0 shortbow of flaming (weapon)
A ball python comes into view.
A ball python is nearby!
A ball python is nearby!
You shoot an arrow. The arrow hits the ball python.
The arrow burns the ball python.
You kill the ball python!
d - a scroll of teleportation
f - a scroll labelled UTEHYE ZARUX No target in view!
g - a bubbling purple potion Terence the Incautious comes into view.
He is wielding a +0 morningstar and carrying a wand of flame.
You shoot an arrow. The arrow hits Terence.
The arrow burns Terence.
Terence shouts!
Terence is lightly wounded.
You shoot an arrow. The arrow barely misses Terence.
Terence zaps a wand.
The puff of flame misses you.
You shoot an arrow.
The arrow hits Terence but does no damage.
Terence is lightly wounded.
Terence says, "You're history."
Terence closely misses you.
You shoot an arrow. The arrow hits Terence.
The arrow burns Terence.
Terence is moderately wounded.
Terence closely misses you.
You shoot an arrow.
The arrow hits Terence but does no damage.
Terence is moderately wounded.
Terence zaps a wand.
The puff of flame hits you!
Ouch! That really hurt!
* * * LOW HITPOINT WARNING * * *
You are too injured to fight recklessly!
You are too injured to fight recklessly!
You are too injured to fight recklessly!
Unknown command.
Unknown command.
You shoot an arrow. The arrow barely misses Terence.
Terence hits you with a +0 morningstar!
You die...
Terence says, "That felt goooood."

#...#..#....#
#...##.#.####
#.....>..#
####.#.#.# #.#.#.#
#. #.#.#.# #.
####.#...####)
............#@###
####.##.......@.#
#.##...##..#.###
#.##.......#...#
..†..#.#...###.####
#......#...........
######.............
#.............
###...........
############


You could see Terence.

Vanquished Creatures
  A ball python (D:2)
  2 endoplasms (D:1)
  2 giant cockroaches (D:1)
  A goblin (D:1)
  2 hobgoblins (D:1)
  A quokka (D:1)
  2 bats
  A frilled lizard (D:1)
12 creatures vanquished.

Notes
Turn   | Place    | Note
-------+----------+-------------------------------------------
     0 | D:1      | Newt the Kobold Hunter began the quest for the Orb.
     0 | D:1      | Reached XP level 1. HP: 12/12 MP: 1/1
   148 | D:1      | Reached XP level 2. HP: 18/18 MP: 2/2
   179 | D:1      | Found Wotuaps's Book Shoppe.
   653 | D:2      | Noticed Terence
   659 | D:2      | Slain by Terence

Illustrated notes

Levels and vault maps discovered:
D:1:      doesnt_arrival_eight_statues, layout_rooms, serial_shops,
          nicolae_shop_hallway_stairs, minmay_pentomino_v4
D:2:      layout_basic, uniq_terence, uniq_robin

Action                     || total
---------------------------++-------
   Fire: Shortbow          ||    29
    Use: Scroll            ||     4
 Armour: Leather armour    ||     5
  Dodge: Dodged            ||     7

Table legend: (Time is in decaauts)
 A = Elapsed time spent in this place.
 B = Non-inter-level travel time spent in this place.
 C = Inter-level travel time spent in this place.
 D = Time resting spent in this place.
 E = Time spent auto-exploring this place.
 F = Levels seen in this place.
 G = Mean time per level.
                   A        B        C        D        E       F      G
               +--------+--------+--------+--------+--------+-----+--------+
         Total |    663 |    644 |     19 |      0 |    568 |   2 |  331.5 |
       Dungeon |    663 |    644 |     19 |      0 |    568 |   2 |  331.5 |
               +--------+--------+--------+--------+--------+-----+--------+

Top non-repeatable levels by time:
     D:1: 589 daAuts
     D:2: 74 daAuts
